 Dungeon Crawl Stone Soup version 0.27-a0-562-g0d39f094a4 (webtiles) character file.

Game seed: 13637026858143193775

138 bilbop the Vandal (level 5, 0/35 HPs)
             Began as a Halfling Hunter on Mar 9, 2021.
             Was a Follower of Kikubaaqudgha.
             Killed by divine providence
             ... invoked by an orc priest
              (10 damage)
             ... on level 3 of the Dungeon.
             The game lasted 01:02:38 (2124 turns).

bilbop the Vandal (Halfling Hunter)                 Turns: 2124, Time: 01:02:39

Health: 0/35       AC:  3    Str: 12 (13) XL:     5   Next: 45%
Magic:  5/5        EV: 14    Int:  8 (9)  God:    Kikubaaqudgha [*.....]
Gold:   149        SH:  0    Dex: 15 (16) Spells: 2/4 levels left

rFire    . . .     SeeInvis .   n - +3 dagger (venom)
rCold    . . .     Faith    .   (shield restricted)
rNeg     . . .     Spirit   .   c - +0 leather armour
rPois    .         Reflect  .   (no helmet)
rElec    .         Harm     .   (no cloak)
rCorr    .         Rampage  .   (no gloves)
Will     .....                  (no boots)
Stlth    ++........             (no amulet)
HPRegen  0.11/turn              (no ring)
MPRegen  0.09/turn              (no ring)

@: no status effects
A: small, mutation resistance 1
a: Renounce Religion, Receive Corpses


You were on level 3 of the Dungeon.
You worshipped Kikubaaqudgha.
Kikubaaqudgha was aware of your devotion.
You visited 1 branch of the dungeon, and saw 3 of its levels.

You collected 149 gold pieces.

Inventory:

Hand Weapons
 a - a +1 hunting sling
 b - a +0 short sword
 g - a +0 dagger
 j - a +0 hunting sling
 m - a +1 war axe of freezing
 n - a +3 dagger of venom (weapon)
Missiles
 d - 35 sling bullets
 e - 17 poisoned darts (quivered)
 p - 45 arrows
 t - 84 stones
Armour
 c - a +0 leather armour (worn)
 o - a +0 robe
Magical Staves
 s - a staff of air
Wands
 v - a wand of polymorph (5)
Scrolls
 f - 6 scrolls of identify {unknown}
 h - 2 scrolls of fear {unknown}
 i - a scroll of teleportation {unknown}
 k - a scroll of magic mapping {unknown}
 l - a scroll of blinking {unknown}
 r - a scroll of fog {unknown}


   Skills:
 + Level 2.5 Fighting
 + Level 1.6 Short Blades
 + Level 7.8 Slings
 + Level 1.3 Armour
 + Level 2.2 Dodging
 + Level 1.3 Stealth


You had 2 spell levels left.
You knew the following spells:

 Your Spells              Type           Power      Damage    Failure   Level
a - Animate Skeleton      Necr           0%         N/A       47%         1
b - Pain                  Necr           0%         1d4       47%         1

Your spell library contained the following spells:

 Spells                   Type           Power      Damage    Failure   Level
 Sublimation of Blood     Necr           0%         N/A       63%         2
 Vampiric Draining        Necr           0%         2d6       85%         3


Dungeon Overview and Level Annotations

Branches:
Dungeon (3/15)

Altars:
Kikubaaqudgha
Wu Jian


Innate Abilities, Weirdness & Mutations

You are small and have problems with some larger weapons.
You are somewhat resistant to further mutation.


Message History

Aim: an orc, wielding a +2 vorpal hand axe and quivering boomerangs (moderately wounded, 64% to hit)
You shoot a sling bullet.
The sling bullet closely misses the orc.
The orc throws a boomerang.
The boomerang barely misses you.
Your magical contamination has completely faded away.
Fire: 38 sling bullets
Press: ? - help, Q - select action, (/) - cycle Shift-Dir - straight line, f/p - orc
Aim: an orc, wielding a +2 vorpal hand axe and quivering boomerangs (moderately wounded, 64% to hit)
You shoot a sling bullet.
The sling bullet closely misses the orc.
The orc throws a boomerang.
The boomerang completely misses you.
Fire: 37 sling bullets
Press: ? - help, Q - select action, (/) - cycle Shift-Dir - straight line, f/p - orc
Aim: an orc, wielding a +2 vorpal hand axe and quivering boomerangs (moderately wounded, 64% to hit)
You shoot a sling bullet. The sling bullet hits the orc.
The orc is heavily wounded.
The orc priest calls down the wrath of Beogh upon you.
Beogh smites you! The orc barely misses you.
Fire: 36 sling bullets
Press: ? - help, Q - select action, (/) - cycle Shift-Dir - straight line, f/p - orc
Aim: an orc, wielding a +2 vorpal hand axe and quivering boomerangs (heavily wounded, 64% to hit)
You shoot a sling bullet. The sling bullet barely misses the orc.
Your +3 dagger of venom begins to drip with poison!
n - a +3 dagger of venom (weapon)
The orc misses you. x2
You closely miss the orc.
The orc is heavily wounded.
The orc hits you from afar with a +0 trident.
You hit the orc.
You kill the orc!
Kikubaaqudgha accepts your kill.
The orc priest mumbles some strange prayers to Beogh against you.
Beogh smites you!
* * * LOW HITPOINT WARNING * * *
The orc barely misses you.
You feel your strength returning.
The orc priest calls down the wrath of Beogh upon you.
Beogh smites you!
You die...
Kikubaaqudgha rasps: "You have failed me!
Welcome... death!"

....... #...##.. .#
......#..###.###.
.......#..##.....
..............#
.........)....###
#...............####
...................###
...............#@....#
......†.........)o(#...#
..............##.o(.....
......<........#..(((...
..##.###.......#.####.(.
..##..##.......#.# ##
.....)..#......#.#
...##...#....#.#.#
##...............#


You could see an orc priest and an orc.

Vanquished Creatures
  Jessica (D:2)
  An orc wizard (D:2)
  3 adders (D:2)
  A worm (D:2)
  A dart slug (D:3)
  A leopard gecko (D:3)
  4 orcs (D:3)
  3 giant cockroaches
  5 goblins
  3 hobgoblins
  8 jackals
  3 kobolds
  A quokka (D:3)
  2 ball pythons
  3 bats
  10 rats
50 creatures vanquished.

Vanquished Creatures (others)
  A quokka (D:3)
  7 toadstools (D:3)
8 creatures vanquished.

Grand Total: 58 creatures vanquished

Notes
Turn   | Place    | Note
-------+----------+-------------------------------------------
     0 | D:1      | bilbop the Halfling Hunter began the quest for the Orb.
     0 | D:1      | Reached XP level 1. HP: 14/14 MP: 1/1
   242 | D:1      | Reached skill level 6 in Slings
   418 | D:1      | Reached XP level 2. HP: 18/19 MP: 2/2
   962 | D:2      | Reached XP level 3. HP: 24/24 MP: 3/3
  1076 | D:2      | Reached skill level 1 in Short Blades
  1199 | D:2      | Reached skill level 1 in Armour
  1245 | D:2      | Reached XP level 4. HP: 23/29 MP: 4/4
  1379 | D:2      | Reached skill level 7 in Slings
  1466 | D:2      | Found a faded altar of an unknown god.
  1512 | D:2      | Noticed Jessica
  1515 | D:2      | Killed Jessica
  1544 | D:2      | Became a worshipper of Kikubaaqudgha
  1544 | D:2      | Reached * piety under Kikubaaqudgha
  1544 | D:2      | Identified Kikubaaqudgha's Collected Works on Black Magic
                  | (Kikubaaqudgha gifted it to you on level 2 of the Dungeon)
  1544 | D:2      | Received a gift from Kikubaaqudgha
  1571 | D:2      | Learned a level 1 spell: Animate Skeleton
  1573 | D:2      | Learned a level 1 spell: Pain
  1645 | D:2      | Reached XP level 5. HP: 10/35 MP: 5/5
  1941 | D:3      | Found an ornate altar of the Wu Jian Council.
  2124 | D:3      | Killed from afar by an orc priest

Illustrated notes

Levels and vault maps discovered:
D:1:      dpeg_arrival_orchard, layout_basic, st_stairs_10, nrook_loot_triangle,
          chequers_serial_rivers_small_3
D:2:      layout_rooms, chequers_ecumenical_altar_island, uniq_jessica
D:3:      cheibrodos_fertilizer, layout_rooms, overflow_temple_1_default,
          elyvilon_altar_4

Skill      XL: |  1  2  3  4 |
---------------+-------------+-----
Slings         | 6 7 |  7.8
Fighting       | 2 |  2.5
Short Blades   | 1 |  1.6
Armour         | 1 |  1.3
Dodging        | |  2.2
Stealth        | |  1.3

Action                   |  1- 3 |  4- 6 || total
-------------------------+-------+-------++-------
Melee: Short sword       |    40 |       ||    40
       War axe           |     4 |       ||     4
       Dagger            |    13 |    27 ||    40
 Fire: Hunting sling     |    47 |    39 ||    86
Throw: Dart              |       |     3 ||     3
 Cast: Animate Skeleton  |       |     1 ||     1
  Use: Potion            |       |     4 ||     4
Armor: Leather armour    |    16 |     7 ||    23
Dodge: Dodged            |    44 |    28 ||    72

Table legend: (Time is in decaauts)
 A = Elapsed time spent in this place.
 B = Non-inter-level travel time spent in this place.
 C = Inter-level travel time spent in this place.
 D = Time resting spent in this place.
 E = Time spent auto-exploring this place.
 F = Levels seen in this place.
 G = Mean time per level.
                   A        B        C        D        E       F      G
               +--------+--------+--------+--------+--------+-----+--------+
         Total |   2106 |   1221 |    885 |      0 |      0 |   3 |  702.0 |
       Dungeon |   2106 |   1221 |    885 |      0 |      0 |   3 |  702.0 |
               +--------+--------+--------+--------+--------+-----+--------+

Top non-repeatable levels by time:
     D:1: 979 daAuts
     D:2: 935 daAuts
     D:3: 191 daAuts
